 Dungeon Crawl Stone Soup version 0.30-a0-1103-g25895a7845 (webtiles) character file.

Game seed: 12843447880657062273

32 jimonade the Grasshopper (level 3, -6/28 (31) HPs)
             Began as a Gnoll Warper on Apr 19, 2023.
             Mangled by Terence
             ... wielding the +7 Throatcutter {drain, coup de grace}
              (17 damage)
             ... on level 1 of the Dungeon.
             The game lasted 00:03:43 (1466 turns).

jimonade the Grasshopper (Gnoll Warper)             Turns: 1466, Time: 00:03:44

HP:   -6/28 (31)    AC:  4    Str: 16    XL:     3   Next: 25%
MP:   9/9           EV: 13    Int: 12    God:
Gold: 59            SH:  0    Dex: 13    Spells: 12/12 levels left

rFire   . . .      SeeInvis .    a - +0 falchion
rCold   . . .      Faith    .    (no shield)
rNeg    . . .      Spirit   .    j - +0 leather armour
rPois   .          Reflect  .    l - +0 helmet
rElec   .          Rampage  .    (no cloak)
rCorr   .                        (no gloves)
Will    .....                    (no boots)
Stlth   +                        (no amulet)
HPRegen 0.24/turn                g - +6 ring of strength
MPRegen 0.11/turn                (no ring)

@: drained
A: fangs 1, strong nose, distributed training
a: no special abilities


You were on level 1 of the Dungeon.
You visited 1 branch of the dungeon, and saw 2 of its levels.

You collected 59 gold pieces.

Inventory:

Hand Weapons
 a - a +0 falchion (weapon)
 b - a +0 sling
 i - a +0 short sword
 o - a +0 hand axe
 q - a +0 mace
Missiles
 d - 7 boomerangs of dispersal (quivered)
 n - 5 poisoned darts
Armour
 j - a +0 leather armour (worn)
 k - a +0 ring mail
 l - a +0 helmet (worn)
Jewellery
 g - a +6 ring of strength (left hand)
Scrolls
 c - a scroll of blinking
 e - a scroll of teleportation {unknown}
 f - a scroll of amnesia {unknown}
Potions
 h - a potion of haste {unknown}
 m - a potion of might {unknown}
 p - a potion of curing {unknown}


   Skills:
 + Level 4.5 Fighting
 + Level 0.7 Short Blades
 + Level 4.5 Long Blades
 + Level 0.7 Axes
 + Level 0.7 Maces & Flails
 + Level 0.7 Polearms
 + Level 0.7 Staves
 + Level 0.7 Ranged Weapons
 + Level 2.6 Throwing
 + Level 2.6 Armour
 + Level 4.5 Dodging
 + Level 0.7 Stealth
 + Level 0.7 Shields
 + Level 0.7 Unarmed Combat
 + Level 5.0 Spellcasting
 + Level 0.5 Conjurations
 + Level 0.5 Hexes
 + Level 0.5 Summonings
 + Level 0.5 Necromancy
 + Level 5.4 Translocations
 + Level 0.5 Transmutations
 + Level 0.5 Fire Magic
 + Level 0.5 Ice Magic
 + Level 0.5 Air Magic
 + Level 0.5 Earth Magic
 + Level 0.5 Poison Magic
 + Level 0.9 Invocations
 + Level 0.7 Evocations


You had 12 spell levels left.
You didn't know any spells.
Your spell library contained the following spells:

 Spells                   Type           Power      Damage    Failure   Level
 Blink                    Tloc           32%        N/A       3%          2
 Lesser Beckoning         Tloc           32%        N/A       3%          2
 Teleport Other           Tloc           16%        N/A       8%          3
 Vhi's Electric Charge    Tloc/Air       20%        N/A       22%         3
 Manifold Assault         Tloc           16%        N/A       26%         4


Dungeon Overview and Level Annotations

Branches:
Dungeon (2/15)

Altars:
Ru

Annotations:
D:1 Terence
D:2 Sigmund


Innate Abilities, Weirdness & Mutations

You have very sharp teeth.
Your uncanny sense of smell can sniff out nearby items.
Your experience applies equally to all skills.


Message History

The rat closely misses you.
You hit the rat.
You kill the rat!
No target in view!
No target in view!
There is a stone staircase leading down here.
There is a stone staircase leading down here.
You climb downwards.
Level annotation: Sigmund, Terence Sigmund shouts!
There is a stone staircase leading up here.
Sigmund looks at you with fury.
You climb upwards.
There is a stone staircase leading down here.
There is a large open door here.
There is an open door here.
There is a stone staircase leading down here.
You climb downwards.
Level annotation: Sigmund, Terence
There is a stone staircase leading up here.
You climb upwards.
There is a stone staircase leading down here.
There is an open door here.
There is a large open door here.
There is a large open door here.
There is a stone staircase leading down here.
You climb downwards.
Level annotation: Sigmund, Terence Terence shouts!
There is a stone staircase leading up here.
Terence hits you but does no damage.
HP restored.
You feel drained.
You climb upwards.
There is a stone staircase leading down here.
You hit Terence but do no damage.
Terence hits you with the +7 Throatcutter {drain, coup de grace}!
You feel drained.
You closely miss Terence.
Terence hits you with the +7 Throatcutter {drain, coup de grace}!
Ouch! That really hurt!
You die...

#.....#...#.###.##.##########.#
#.....#...#....................
###.....#...#####.#...#########.#
..'.....##### #.#...# #.....#
###.....# #.#...# #.#####
..'.....# #.#...# #.#....
###.....# #.#...#####.#.###
###.....#########.........#.#.#
#....####...)...@####.###.#.#.#
..##.# #.......@+..........#.###
####'####........####.###.#......
........#........####.# #.###.###
##......#..........##.# #.# #.#
##.....>#..........##.###.# #.#
##......#..........##.#...# #.#
##......#######....##.#.#####.#
##......# #..[.##.......#.#


You could see Terence.

Vanquished Creatures
  4 ball pythons
  2 endoplasms (D:2)
  A giant cockroach (D:1)
  3 goblins
  2 hobgoblins
  2 jackals (D:1)
  2 quokkas
  4 bats
  A frilled lizard (D:1)
  5 kobolds
  3 rats (D:1)
29 creatures vanquished.

Notes
Turn   | Place    | Note
-------+----------+-------------------------------------------
     0 | D:1      | jimonade the Gnoll Warper began the quest for the Orb.
     0 | D:1      | Reached XP level 1. HP: 20/20 MP: 6/6
   206 | D:1      | Reached XP level 2. HP: 26/26 MP: 7/7
  1047 | D:2      | Found a sacrificial altar of Ru.
  1105 | D:2      | Reached skill level 5 in Spellcasting
  1105 | D:2      | Reached XP level 3. HP: 20/31 MP: 7/9
  1278 | D:2      | Noticed Terence
  1282 | D:2      | Noticed Sigmund
  1466 | D:1      | Mangled by Terence

Illustrated notes

Levels and vault maps discovered:
D:1:      dpeg_arrival_erosion, layout_basic, minmay_misc_feat_roman
D:2:      layout_rooms, basic_altar, minmay_stone_trees_small, minmay_ruptured,
          uniq_natasha, uniq_terence, uniq_sigmund

Skill      XL: |  1  2 |
---------------+-------+-----
Spellcasting   | 5 |  5.0
Fighting       | |  4.5
Short Blades   | |  0.7
Long Blades    | |  4.5
Axes           | |  0.7
Maces & Flails | |  0.7
Polearms       | |  0.7
Staves         | |  0.7
Ranged Weapons | |  0.7
Throwing       | |  2.6
Armour         | |  2.6
Dodging        | |  4.5
Stealth        | |  0.7
Shields        | |  0.7
Unarmed Combat | |  0.7
Conjurations   | |  0.5
Hexes          | |  0.5
Summonings     | |  0.5
Necromancy     | |  0.5
Translocations | |  5.4
Transmutations | |  0.5
Fire Magic     | |  0.5
Ice Magic      | |  0.5
Air Magic      | |  0.5
Earth Magic    | |  0.5
Poison Magic   | |  0.5
Invocations    | |  0.9
Evocations     | |  0.7

Action                     || total
---------------------------++-------
  Melee: Falchion          ||   105
         Bite              ||    10
         Punch             ||     1
   Stab: Sleeping          ||     1
 Armour: Leather armour    ||    31
  Dodge: Dodged            ||    71

Table legend: (Time is in decaauts)
 A = Elapsed time spent in this place.
 B = Non-inter-level travel time spent in this place.
 C = Inter-level travel time spent in this place.
 D = Time resting spent in this place.
 E = Time spent auto-exploring this place.
 F = Levels seen in this place.
 G = Mean time per level.
                   A        B        C        D        E       F      G
               +--------+--------+--------+--------+--------+-----+--------+
         Total |   1476 |   1296 |    180 |     25 |    959 |   2 |  738.0 |
       Dungeon |   1476 |   1296 |    180 |     25 |    959 |   2 |  738.0 |
               +--------+--------+--------+--------+--------+-----+--------+

Top non-repeatable levels by time:
     D:1: 1219 daAuts
     D:2: 256 daAuts
